AoeStats
← Maxtol

Arabia

508421076Analyzed
1v1 RM · 10d ago on Sep 22, 2026· 48m 48s· 2 players
Game mode
Random Map
Map size
Tiny (2 player)
Population
200
Speed
Normal
Resources
Standard
Victory
Conquest
Starting age
Dark Age
Ending age
Imperial Age
RankedLock teamsTeams togetherTeam positionsShared explorationLock speedFull tech treeHidden civsTurbo modeCheats
Victory
Defeat
🇫🇷 Franks · France
658
+19
🇪🇸 Vikings · Spain
733
-19
Maxtol
5:32 Loom
11:22 Feudal Age
15:02 Castle Age
14:55 Double-Bit Axe
16:31 Bow Saw
24:45 Wheelbarrow
25:24 Stone Mining
28:21 Ballistics
28:49 Forging
29:41 Hand Cart
29:13 Town Watch
30:22 Husbandry
29:43 Light Cavalry
33:20 Imperial Age
32:13 Scale Barding Armor
33:05 Town Patrol
33:46 Cavalier
36:31 Chemistry
37:02 Paladin
38:28 Chain Barding Armor
39:12 Gold Mining
39:16 Elite Throwing Axeman
40:17 #83
40:48 Iron Casting
41:19 Chivalry
43:22 Plate Barding Armor
43:47 Blast Furnace
42:48 Scale Mail Armor
49:40 Chain Mail Armor
Feracba
11:29 Feudal Age
18:13 Castle Age
16:34 Horse Collar
17:05 Forging
16:56 Scale Mail Armor
18:37 Fletching
18:25 Crossbowman
23:54 Gold Mining
24:25 Bodkin Arrow
24:46 Chain Mail Armor
25:07 Iron Casting
25:08 Stone Mining
25:53 Town Watch
26:59 Padded Archer Armor
27:33 Double-Bit Axe
28:52 Ballistics
29:55 Heavy Plow
30:04 Murder Holes
34:38 Imperial Age
33:39 Chieftains
35:15 Masonry
36:10 Gold Shaft Mining
37:46 Plate Mail Armor
39:21 Blast Furnace
40:28 Chemistry
40:01 Capped Ram
40:46 Arbalester
41:30 Pikeman
41:56 Arson
44:38 Elite Berserk
45:40 Bracer
Connection lost

Rejoining the realm…

Still unreachable

The connection could not be restored.

Session expired

The server has moved on; the page needs a fresh start.